 Dungeon Crawl Stone Soup version 0.21-a0-104-g7b58145 (webtiles) character file.

189 tof the Twirler (level 5, -9/41 HPs)
             Began as a Demonspawn Gladiator on July 6, 2017.
             Killed from afar by murphy's ghost (16 damage)
             ... with a stone arrow
             ... on level 4 of the Dungeon.
             The game lasted 00:08:26 (3564 turns).

tof the Twirler (Demonspawn Gladiator)              Turns: 3564, Time: 00:08:28

Health: -9/41      AC:  6    Str: 15    XL:     5   Next: 40%
Magic:  0/14       EV: 13    Int: 10    God:
Gold:   145        SH:  0    Dex: 14    Spells: 4/4 levels left

rFire    . . .     SeeInvis .   a - +0 quarterstaff
rCold    . . .     Gourm    +   (shield currently unavailable)
rNeg     . . .     Faith    .   v - +1 leather armour {rPois}
rPois    +         Spirit   +   c - +1 helmet
rElec    .         Reflect  .   (no cloak)
rCorr    .         Harm     .   (no gloves)
MR       .....                  (no boots)
Stlth    +.........             i - amulet of the gourmand
HPRegen  0.13/turn              q - ring of magical power
MPRegen  0.14/turn              (no ring)

@: no status effects
A: magic shield
a: no special abilities


You were on level 4 of the Dungeon.
You were full.

You visited 1 branch of the dungeon, and saw 4 of its levels.

You collected 145 gold pieces.

Inventory:

Hand Weapons
 a - a +0 quarterstaff (weapon)
Missiles
 d - 3 throwing nets (quivered)
Armour
 c - a +1 helmet (worn)
 v - a +1 leather armour of poison resistance (worn)
Jewellery
 i - an amulet of the gourmand (around neck)
 q - a ring of magical power (left hand)
Wands
 w - a wand of confusion (23/48)
Scrolls
 b - 2 scrolls of remove curse
 h - a scroll of enchant armour
 j - 2 scrolls of blinking
 m - 2 scrolls of recharging {unknown}
 s - a scroll of fog {unknown}
 t - a scroll of identify
 u - 4 scrolls of teleportation
Potions
 e - 2 potions of curing {unknown}
 k - a potion of might {unknown}
 l - a potion of agility {unknown}
 n - a potion of haste {unknown}
 p - 2 potions of flight {unknown}
 r - 4 potions of mutation {unknown}
Comestibles
 f - 5 bread rations
 g - a meat ration
 o - 2 royal jellies


   Skills:
 + Level 3.0 Fighting
 * Level 4.0 Staves
 + Level 2.5 Throwing
 + Level 1.1 Armour
 + Level 3.4 Dodging


You had 4 spell levels left.
You didn't know any spells.

Dungeon Overview and Level Annotations

Branches:
Dungeon (4/15)
 Temple: D:4-7

Altars:

Annotations:
D:4 murphy's ghost, novice DEEE


Innate Abilities, Weirdness & Mutations

When hurt, damage is shared between your health and your magic reserves.


Message History

Murphy's ghost is almost destroyed.
The bullfrog snags a nearby millipede with its tongue.
Murphy's ghost points at you and mumbles some strange words.
The stone arrow hits you!
* * * LOW HITPOINT WARNING * * *
You barely miss murphy's ghost.
Murphy's ghost is almost destroyed.
Murphy's ghost closely misses you.
You closely miss murphy's ghost.
Murphy's ghost is almost destroyed.
Murphy's ghost casts a spell at you. The blast of sand hits you!
You barely miss murphy's ghost.
Murphy's ghost is almost destroyed.
Murphy's ghost hits you but does no damage.
You closely miss murphy's ghost.
Murphy's ghost is almost destroyed.
Murphy's ghost points at you and mumbles some strange words.
The stone arrow hits you!
You die...

#.##....###
#..........
#..........
#.#########
#.# #.# #F#
#W# #@# #.#
#<# ###


You could see a bullfrog and murphy's ghost.

Vanquished Creatures
  An orc priest (D:3)
  A worker ant (D:4)
  3 adders
  A gnoll (D:1)
  2 worms
  2 dart slugs
  A leopard gecko (D:1)
  6 orcs (D:3)
  5 giant cockroaches
  6 goblins
  9 hobgoblins
  7 jackals
  11 kobolds
  A quokka (D:2)
  10 bats
  5 frilled lizards (D:2)
  10 rats
81 creatures vanquished.

Notes
Turn   | Place    | Note
-------+----------+-------------------------------------------
     0 | D:1      | tof the Demonspawn Gladiator began the quest for the Orb.
     0 | D:1      | Reached XP level 1. HP: 16/16 MP: 1/1
    83 | D:1      | Gained mutation: When hurt, damage is shared between your health and your magic reserves. [demonic ancestry]
    83 | D:1      | Reached XP level 2. HP: 10/22 MP: 2/2
   332 | D:1      | Reached skill level 3 in Staves
   761 | D:1      | Reached XP level 3. HP: 25/27 MP: 3/3
  1697 | D:2      | Reached XP level 4. HP: 33/34 MP: 2/4
  2358 | D:3      | Reached skill level 1 in Armour
  2890 | D:3      | Reached XP level 5. HP: 38/40 MP: 5/5
  3411 | D:4      | Reached skill level 4 in Staves
  3459 | D:4      | Noticed murphy's ghost (novice DEEE)
  3564 | D:4      | Killed from afar by murphy's ghost

Vault maps used:
D:1:      lemuel_arrival_funnel
D:2:      serial_bayou, serial_bayou_shore_b, serial_bayou_pond_b,
          serial_bayou_pond_c, serial_bayou_lake_a, kennysheep_nub
D:4:      minmay_misc_feat_diagonals

Skill      XL: |  1  2  3  4  5 |
---------------+----------------+-----
Staves         | 3 4 |  4.0
Throwing       | 2 |  2.5
Dodging        | 3 |  3.4
Armour         | 1 |  1.1
Fighting       | 3 |  3.0

Action                   |  1- 3 |  4- 6 || total
-------------------------+-------+-------++-------
Melee: Quarterstaff      |   158 |   126 ||   284
  Use: Scroll            |     1 |     5 ||     6
 Stab: Sleeping          |     1 |       ||     1
  Eat: Chunk             |     3 |    28 ||    31
Armor: Leather armour    |     3 |    18 ||    21
       Chain mail        |   132 |    84 ||   216
Dodge: Dodged            |   100 |    78 ||   178
